 Dungeon Crawl Stone Soup version 0.25.1-2-g60ff931df9 (webtiles) character file.

Game seed: 14355371561057419264

999 Garessta the Skirmisher (level 8, -7/63 HPs)
             Began as a Demonspawn Fighter on Oct 15, 2020.
             Mangled by Johnny's ghost (9 damage)
             ... on level 5 of the Dungeon.
             The game lasted 00:12:49 (6042 turns).

Garessta the Skirmisher (Demonspawn Fighter)        Turns: 6042, Time: 00:12:50

Health: -7/63      AC: 14    Str: 19    XL:     8   Next: 0%
Magic:  8/8        EV:  7    Int: 13    God:
Gold:   68         SH: 11    Dex: 19    Spells: 7/7 levels left

rFire    + . .     SeeInvis +   a - +1 war axe
rCold    + . .     Gourm    .   c - +1 kite shield
rNeg     . . .     Faith    .   b - +0 scale mail
rPois    .         Spirit   .   r - +1 helmet
rElec    .         Reflect  .   t - +0 cloak
rCorr    .         Harm     .   (no gloves)
MR       ++...                  g - +2 pair of boots
Stlth    +.........             (no amulet)
HPRegen  0.20/turn              q - ring of protection from cold
MPRegen  0.11/turn              n - ring of see invisible

@: mighty
A: hooves 1, thin skeletal structure 1, agile 2, clever 2, fire resistance 1,
magic resistance 2, screaming 1
a: no special abilities


You were on level 5 of the Dungeon.
You were hungry.

You visited 1 branch of the dungeon, and saw 5 of its levels.

You collected 255 gold pieces.
You spent 187 gold pieces at shops.

Inventory:

Hand Weapons
 a - a +1 war axe (weapon)
Missiles
 i - 3 boomerangs (quivered)
Armour
 b - a +0 scale mail (worn)
 c - a +1 kite shield (worn)
 g - a +2 pair of boots (worn)
 r - a +1 helmet (worn)
 t - a +0 cloak (worn)
 v - a +0 pair of boots of flying
Jewellery
 j - an uncursed ring of flight
 n - a ring of see invisible (right hand)
 q - a ring of protection from cold (left hand)
Wands
 e - a wand of random effects (15)
 u - a wand of flame (13)
Scrolls
 h - 2 scrolls of immolation
 p - 3 scrolls of remove curse
 s - a scroll of identify
Potions
 d - a potion of might
 k - 4 potions of curing
 l - 2 potions of invisibility
 m - a potion of flight
 o - 2 potions of stabbing
Comestibles
 f - 8 rations


   Skills:
 + Level 5.4 Fighting
 + Level 4.5 Axes
 + Level 4.9 Armour
 + Level 5.0 Shields


You had 7 spell levels left.
You didn't know any spells.
Your spell library was empty.

Dungeon Overview and Level Annotations

Branches:
Dungeon (5/15)
 Temple: D:4-7

Altars:
Fedhas
Kikubaaqudgha
Qazlal
Trog
Yredelemnul

Shops:
D:5 [:(

Annotations:
D:5 Johnny's ghost, amateur DgEE


Innate Abilities, Weirdness & Mutations

You have large cloven feet.
You have a somewhat thin skeletal structure. (Dex +2, Stealth)
Your flesh is heat resistant. (rF+)
You are very agile. (Dex +4)
Your mind is very acute. (Int +4)
You are highly resistant to hostile enchantments. (MR++)
You occasionally shout uncontrollably at your foes.


Message History

Johnny's ghost casts a spell at you. The stone arrow hits you!
You slash Johnny's ghost!
Johnny's ghost is lightly damaged.
You block Johnny's ghost's attack. Johnny's ghost casts a spell at you.
You block the blast of sand.
You slash Johnny's ghost!
Johnny's ghost is heavily damaged.
Johnny's ghost hits you.
You closely miss Johnny's ghost.
Johnny's ghost is heavily damaged.
Johnny's ghost closely misses you.
You barely miss Johnny's ghost.
Johnny's ghost is heavily damaged.
Johnny's ghost casts a spell at you. The stone arrow hits you!!
* * * LOW HITPOINT WARNING * * *
Johnny's ghost hits you!
You die...

####.###.#....F..#..###..# ###..#
.........#.../$..#.......# #.#.
####.###.#..#.#..#..###..# #.#.
#.# #.#.#...#%#..# #..# #.#. #.#
#.#..#.#..#..# #..# #.#. #.#
#.#.......#..###..# #(#.
####.###.#.......#.......## #.#.
.........###''o###.##..#.)####.#.
####.###......YW@.....###......#.
####.###.##.#..#####...#..####.#.
.........##.##.#####.#...## #.##
#...........##.......##.## #.#
#.########.#######≈.≈##.######.#
#.# #.......≈≈.≈≈.........# #.#
########≈≈∩≈≈########.# #.#
#≈≈≈≈≈# #.# #.# ##≈≈≈#########.#


You could see a sky beast (invisible), an orc priest and Johnny's ghost.

Vanquished Creatures
  The ghost of Sondor the Slasher, an amateur DsGl (D:2)
  A water moccasin (D:5)
  A bullfrog (D:5)
  4 wights
  3 crimson imps (D:5)
  A bullfrog skeleton (D:4)
  2 jellies
  An iguana (D:4)
  3 worker ants (D:5)
  A hound zombie (D:5)
  8 adders
  2 oozes (D:1)
  A worm (D:3)
  5 leopard geckos
  7 orcs
  A ball python (D:2)
  5 giant cockroaches
  6 goblins
  10 hobgoblins
  3 quokkas
  8 bats
  2 frilled lizards
  A giant cockroach zombie (D:5)
  A jackal skeleton (D:4)
  7 kobolds
  A leopard gecko skeleton (D:5)
  A quokka skeleton (D:5)
  A quokka zombie (D:5)
  8 rats
96 creatures vanquished.

Notes
Turn   | Place    | Note
-------+----------+-------------------------------------------
     0 | D:1      | Garessta the Demonspawn Fighter began the quest for the
                  | Orb.
     0 | D:1      | Reached XP level 1. HP: 18/18 MP: 1/1
    87 | D:1      | Gained mutation: You have a somewhat thin skeletal
                  | structure. (Dex +2, Stealth) [demonic ancestry]
    87 | D:1      | Reached XP level 2. HP: 19/24 MP: 2/2
   857 | D:2      | Gained mutation: Your flesh is heat resistant. (rF+)
                  | [demonic ancestry]
   857 | D:2      | Reached XP level 3. HP: 29/29 MP: 3/3
  1055 | D:2      | Gained mutation: Armour fits poorly on your strangely
                  | shaped body. [potion of mutation]
  1055 | D:2      | Gained mutation: You are agile. (Dex +2) [potion of
                  | mutation]
  1055 | D:2      | Gained mutation: You are resistant to hostile enchantments.
                  | (MR+) [potion of mutation]
  1056 | D:2      | Lost mutation: Armour fits poorly on your strangely shaped
                  | body. [potion of mutation]
  1056 | D:2      | Lost mutation: You are agile. (Dex +2) [potion of mutation]
  1056 | D:2      | Gained mutation: Potions are less effective at restoring
                  | your health. [potion of mutation]
  1056 | D:2      | Gained mutation: You are highly resistant to hostile
                  | enchantments. (MR++) [potion of mutation]
  1056 | D:2      | Gained mutation: You tend to lose your temper in combat.
                  | [potion of mutation]
  1056 | D:2      | Gained mutation: Your mind is acute. (Int +2) [potion of
                  | mutation]
  1571 | D:2      | Found a basalt altar of Yredelemnul.
  1571 | D:2      | Found an ancient bone altar of Kikubaaqudgha.
  1572 | D:2      | Found a blossoming altar of Fedhas.
  1581 | D:2      | Gained mutation: You have large cloven feet. [demonic
                  | ancestry]
  1581 | D:2      | Reached XP level 4. HP: 28/35 MP: 4/4
  2193 | D:3      | Lost mutation: You tend to lose your temper in combat.
                  | [potion of mutation]
  2193 | D:3      | Lost mutation: Potions are less effective at restoring your
                  | health. [potion of mutation]
  2193 | D:3      | Gained mutation: You occasionally shout uncontrollably at
                  | your foes. [potion of mutation]
  2193 | D:3      | Gained mutation: You are agile. (Dex +2) [potion of
                  | mutation]
  2193 | D:3      | Gained mutation: You are very agile. (Dex +4) [potion of
                  | mutation]
  2193 | D:3      | Gained mutation: Your mind is very acute. (Int +4) [potion
                  | of mutation]
  2609 | D:2      | Reached XP level 5. HP: 17/42 MP: 5/5
  3289 | D:3      | Reached XP level 6. HP: 21/48 MP: 6/6
  4020 | D:3      | Found a runed translucent door.
  4026 | D:3      | Noticed Sondor's ghost (amateur DsGl)
  4286 | D:2      | Killed Sondor's ghost
  4286 | D:2      | Reached XP level 7. HP: 22/55 MP: 7/7
  4647 | D:4      | Found a stormy altar of Qazlal.
  5153 | D:5      | Entered Level 5 of the Dungeon
  5254 | D:5      | Found Waggipso's Antique Weapon Shoppe.
  5295 | D:5      | Found Loriacak's Book Shoppe.
  5324 | D:5      | Found Gapedoiw's Antique Armour Shop.
  5331 | D:5      | Bought a pair of embroidered boots for 187 gold pieces
  5350 | D:5      | Reached skill level 5 in Fighting
  5590 | D:5      | Noticed Johnny's ghost (amateur DgEE)
  5591 | D:5      | Found a runed translucent gate.
  5591 | D:5      | Found a runed translucent gate.
  5591 | D:5      | Found a runed translucent gate.
  5777 | D:5      | Found a bloodstained altar of Trog.
  6037 | D:5      | Reached skill level 5 in Shields
  6037 | D:5      | Reached XP level 8. HP: 46/63 MP: 8/8
  6042 | D:5      | HP: 2/63 [Johnny's ghost/stone arrow (24)]
  6042 | D:5      | Mangled by Johnny's ghost

Illustrated notes

Levels and vault maps discovered:
D:1:      ebering_trefoil_3fold, layout_basic
D:2:      layout_basic, gammafunk_temple_overflow_claw
D:3:      layout_loops_cross, ebering_ghost_sewer_d, serial_bayou_lagoon_b
D:4:      layout_gridville, kennysheep_mini_moat
D:5:      layout_loops_ring, lightli_temple_of_fire, serial_shops, shop,
          nicolae_shop_trees, nicolae_shop_waterfront, gammafunk_ghost_split,
          first_ration

Skill      XL: |  1  2  3  4  5  6  7 |
---------------+----------------------+-----
Axes           | 2 3 4 |  4.5
Armour         | 3 4 |  4.9
Shields        | 3 4 5 |  5.0
Fighting       | 4 5 |  5.4

Action                   |  1- 3 |  4- 6 |  7- 9 || total
-------------------------+-------+-------+-------++-------
Melee: War axe           |    10 |    22 |    99 ||   131
       Hand axe          |   108 |   138 |       ||   246
       Kick              |       |    64 |    21 ||    85
  Use: Scroll            |     5 |     4 |     2 ||    11
       Potion            |     2 |     1 |     1 ||     4
  Eat: Chunk             |     2 |     5 |     2 ||     9
       Ration            |       |     1 |     1 ||     2
Armor: Scale mail        |    58 |    58 |    38 ||   154
Dodge: Dodged            |    40 |    34 |    10 ||    84
Block: Kite shield       |    52 |   105 |    64 ||   221
